 Dungeon Crawl Stone Soup version 0.28.0-53-g5a82cb258f (webtiles) character file.

Game seed: 4127221487228915927

1154 Faeu the Fighter (level 8, -1/74 HPs)
             Began as a Purple Draconian Berserker on May 30, 2022.
             Was a Believer of Trog.
             Slain by a yak (4 damage)
             ... on level 8 of the Dungeon.
             The game lasted 00:10:31 (5896 turns).

Faeu the Fighter (Purple Draconian Berserker)       Turns: 5896, Time: 00:10:32

Health: -1/74      AC:  6    Str: 22    XL:     8   Next: 16%
Magic:  8/8        EV: 12    Int:  7    God:    Trog [**....]
Gold:   256        SH:  0    Dex: 11    Spells: 7/7 levels left

rFire   . . .      SeeInvis .   n - +3 halberd (flame) {polearm}
rCold   . . .      Faith    .   (shield currently unavailable)
rNeg    . . .      Spirit   .   (armour unavailable)
rPois   .          Reflect  .   (helmet restricted)
rElec   .          Harm     .   (no cloak)
rCorr   .          Rampage  .   (no gloves)
Will    +....                   (no boots)
Stlth   +.........              (no amulet)
HPRegen 0.22/turn               (no ring)
MPRegen 0.11/turn               (no ring)

@: on berserk cooldown, hasted and slowed
A: breathe power, AC +6, unfitting armour, cold-blooded
a: Breathe Dispelling Energy, Renounce Religion, Berserk, Trog's Hand


You were on level 8 of the Dungeon.
You worshipped Trog.
Trog was pleased with you.
You visited 1 branch of the dungeon, and saw 6 of its levels.

You collected 256 gold pieces.


Innate Abilities, Weirdness & Mutations

You can breathe bolts of dispelling energy.
Your rich purple scales are hard. (AC +6)
You cannot fit into any form of body armour.
You are cold-blooded and may be slowed by cold attacks.


   Skills:
 + Level 8.2 Fighting
 + Level 7.5 Maces & Flails
 - Level 2.6 Dodging


You had 7 spell levels left.
You didn't know any spells.
Your spell library was empty.

Inventory:

Hand Weapons
 a - a +0 vorpal mace {mace}
 j - a +0 dagger of speed {short}
   (You took it off a kobold on level 2 of the Dungeon)
 l - a +2 dagger of electrocution {short}
   (You took it off a goblin on level 2 of the Dungeon)
 n - a +3 halberd of flaming (weapon) {polearm}
   (You took it off a gnoll on level 5 of the Dungeon)
Missiles
 c - 31 sling bullets
 e - 105 stones {throwing}
 g - 111 bolts
 s - 2 boomerangs {throwing}
 t - 8 poisoned darts {throwing}
Magical Staves
 v - a staff of cold {forbidden!astaff}
   (You found it on level 5 of the Dungeon)
Jewellery
 i - a ring of positive energy
   (You found it on level 1 of the Dungeon)
Scrolls
 m - 2 scrolls of fear
 w - a scroll of fog {unknown}
Potions
 b - a potion of lignification {unknown}
 d - 2 potions of curing {@q1}
 k - a potion of haste {@q3}
 o - a potion of flight {unknown}
 q - a potion of degeneration {unknown}
 r - 3 potions of mutation {unknown}
 u - 2 potions of heal wounds {unknown}

Dungeon Overview and Level Annotations

Branches:
Dungeon (5/15)
 Temple: D:4-7

Altars:
Hepliaklqana
Sif Muna

Annotations:
D:2 1 runed translucent door, Crazy Yiuf

#.## .Y.# .
...# .. ##...#
... #....# ....
##..(.#
.....####...$.#
..(....Yo....#
.......@Y...##
##########.Y#
#)Y..#
YY.Y.....
...####...
#).## .. ..# .
... ....


You could see 4 yaks and an orc.


Message History

You take 6 damage, and now have 88/111 hp.
You barely miss the yak. The orc closely misses you.
The orc wizard hits you but does no damage.
The yak gores you! 😮 HP[-13]
You take 13 damage, and now have 75/111 hp.
You puncture the yak! You burn the yak.
Your tail-slap misses the yak.
The orc barely misses you.
The orc wizard hits you but does no damage.
The yak gores you. 😮 HP[-5]
You take 5 damage, and now have 70/111 hp.
You impale the yak!! You burn the yak!
You feel the power of Trog in you as your rage grows.
You kill the yak!
Trog accepts your kill. The orc hits you but does no damage.
The orc wizard hits you but does no damage.
Your Fighting skill increases to level 8!
You impale the orc!! You burn the orc.
You kill the orc!
Trog accepts your kill. The orc closely misses you.
The orc wizard hits you but does no damage.
You closely miss the orc wizard. You tail-slap the orc wizard!
The orc closely misses you.
The orc wizard hits you but does no damage.
You hit the orc wizard but do no damage.
The orc barely misses you.
The orc wizard gestures wildly while chanting.
The orc wizard flickers and vanishes!
Deactivating autopickup; reactivate with Ctrl-A. 😮 HP[+1]
You puncture the yak! You burn the yak. You tail-slap the yak!
The orc hits you but does no damage. The yak gores you but does no damage.
You hear some strange, mumbled words.
A magic dart appears from out of thin air!
The magic dart hits you. 😮 HP[-3]
You take 3 damage, and now have 68/111 hp.
You miss something. The orc closely misses you.
You hear some strange, mumbled words.
A puff of flame appears from out of thin air!
The puff of flame hits you! The yak gores you!
* * * LOW HITPOINT WARNING * * *
😨 HP[-16]
You take 16 damage, and now have 52/111 hp.
You closely miss something.
You are no longer berserk.
You are exhausted.
You feel yourself slow down. The yak misses you. Something hits you.
* * * LOW HITPOINT WARNING * * *
😨 HP[-19]
You now have 74 max hp (-37).
You hear some strange, mumbled words.
A puff of flame appears from out of thin air!
The puff of flame hits you.
* * * LOW HITPOINT WARNING * * *
😨 HP[-5]
You take 5 damage, and now have 28/74 hp.
The yak gores you.
* * * LOW HITPOINT WARNING * * *
😨 HP[-2]
You take 2 damage, and now have 26/74 hp.
As you read the scroll labelled DOFUESCH TIKA, it crumbles to dust.
You assume a fearsome visage.
The yak looks frightened! x3
It was a scroll of fear. 😨 HP[+1]
As you read the scroll labelled QENGUU NOAM, it crumbles to dust.
It is a scroll of brand weapon.
Your +0 mace {mace} emits a brilliant flash of light!
a - a +0 vorpal mace {mace} The yak gores you!
* * * LOW HITPOINT WARNING * * *
😨 HP[-7]
You take 7 damage, and now have 20/74 hp.
As you read the scroll labelled VIUTIC XYOVU, it crumbles to dust.
It is a scroll of enchant weapon.
Your +2 halberd of flaming {polearm} glows red for a moment.
The yak closely misses you.
The orc hits you but does no damage. 😨 HP[+1]
As you read the scroll labelled ATYMUGH VORUPS, it crumbles to dust.
It is a scroll of amnesia.
You feel forgetful for a moment. The yak barely misses you.
It was a potion of curing.
You feel better. The yak gores you.
* * * LOW HITPOINT WARNING * * *
The yak gores you.
* * * LOW HITPOINT WARNING * * *
The yak gores you!
* * * LOW HITPOINT WARNING * * *
The orc hits you with a +0 whip.
* * * LOW HITPOINT WARNING * * *
😱 HP[-6]
You take 6 damage, and now have 15/74 hp.
It was a potion of haste.
You feel yourself speed up.
The yak seems to regain its courage.
The yak gores you!
* * * LOW HITPOINT WARNING * * *
The yak misses you. The orc closely misses you. The yak gores you.
You die...

Skill      XL: |  1  2  3  4  5  6  7  8 |
---------------+-------------------------+-----
Fighting       | 4 5 6 7 8 |  8.2
Maces & Flails | 5 6 7 |  7.5
Dodging        | |  2.6

Action                   |  1- 3 |  4- 6 |  7- 9 || total
-------------------------+-------+-------+-------++-------
Melee: Mace              |   146 |       |       ||   146
       Tailslap          |    12 |    12 |    15 ||    39
       Punch             |     1 |     1 |     1 ||     3
       Dagger            |       |    91 |    53 ||   144
       Halberd           |       |       |    27 ||    27
Invok: Berserk           |     1 |     2 |     2 ||     5
 Abil: Breathe Dispellin |       |       |     5 ||     5
  Use: Scroll            |       |       |     4 ||     4
       Potion            |       |       |     2 ||     2
Armor: Skin              |    41 |    22 |    42 ||   105
Dodge: Dodged            |    96 |    53 |    66 ||   215

Levels and vault maps discovered:
D:1:      minmay_arrival_checkered_box, layout_loops_ring
D:2:      layout_loops_ring, shapermc_ecumenical_altar_gd,
          uniq_crazy_yiuf_cottage, uniq_sigmund
D:3:      layout_basic, beargit_hepliaklqana_dungeon_heroes
D:4:      layout_basic, mainiacjoe_overflow_six_doors_small, st_stairs_12
D:5:      layout_loops_ring, minivault_14, kennysheep_generic_room_13
D:8:      layout_cave_pods, dk_yredelemnul_ordeal

Notes
Turn   | Place    | Note
-------+----------+-------------------------------------------
     0 | D:1      | Faeu the Draconian Berserker began the quest for the Orb.
     0 | D:1      | Reached XP level 1. HP: 19/19 MP: 1/1
     0 | D:1      | magus.rc [v1.9.6]
   342 | D:1      | Reached XP level 2. HP: 26/26 MP: 2/2
  1163 | D:1      | Reached skill level 4 in Fighting
  1334 | D:2      | Reached XP level 3. HP: 31/33 MP: 3/3
  1648 | D:2      | Found a faded altar of an unknown god.
  1711 | D:2      | Reached ** piety under Trog
  1845 | D:2      | Found a runed translucent door.
  1846 | D:2      | Noticed Crazy Yiuf
  1902 | D:2      | Noticed Sigmund
  1924 | D:2      | HP: 10/51 [something (12)]
  1926 | D:2      | Killed Sigmund
  1927 | D:2      | Reached skill level 5 in Fighting
  1927 | D:2      | Reached skill level 5 in Maces & Flails
  1927 | D:2      | Reached XP level 4. HP: 13/42 MP: 4/4
  1927 | D:2      | Reached XP level 5. HP: 15/48 MP: 5/5
  3135 | D:3      | Reached XP level 6. HP: 52/57 MP: 6/6
  3459 | D:3      | Found a faded altar of an unknown god.
  3514 | D:3      | Found a hazy altar of Hepliaklqana.
  3705 | D:4      | Noticed a steam dragon
  3770 | D:4      | Reached skill level 6 in Fighting
  3950 | D:4      | Found a shimmering blue altar of Sif Muna.
  4269 | D:4      | Killed a steam dragon
  4270 | D:4      | Reached skill level 6 in Maces & Flails
  4270 | D:4      | Your scales start taking on a rich purple colour.
  4270 | D:4      | Reached XP level 7. HP: 64/64 MP: 7/7
  4884 | D:5      | Entered Level 5 of the Dungeon
  4967 | D:5      | Reached skill level 7 in Fighting
  5262 | D:5      | Identified the +0 leather armour "Toaxuof" {Will+ Regen+}
  5777 | D:5      | Reached skill level 7 in Maces & Flails
  5869 | D:5      | You fall into a shaft and drop 3 floors!
  5870 | D:8      | Noticed a yak
  5872 | D:8      | Noticed a yak
  5872 | D:8      | Noticed a yak
  5873 | D:8      | Noticed a yak
  5873 | D:8      | Noticed a yak
  5874 | D:8      | Noticed a yak
  5877 | D:8      | Reached XP level 8. HP: 74/74 MP: 8/8
  5882 | D:8      | Reached skill level 8 in Fighting
  5895 | D:8      | HP: 17/74 [yak (7)]
  5896 | D:8      | HP: 3/74 [yak (13)]
  5896 | D:8      | Slain by a yak

Vanquished Creatures
  Sigmund (D:2)
  A yak (D:8)
  A steam dragon (D:4)
  A black bear (D:5)
  2 scorpions
  A gnoll sergeant (D:5)
  A howler monkey (D:4)
  2 hounds (D:5)
  2 iguanas (D:4)
  3 orc wizards
  A killer bee zombie (D:5)
  A hound skeleton (D:4)
  5 adders
  5 gnolls (D:5)
  An adder skeleton (D:4)
  2 dart slugs
  9 orcs
  7 endoplasms
  6 giant cockroaches
  6 goblins
  3 hobgoblins
  7 quokkas
  5 ball pythons
  4 bats
  7 frilled lizards
  8 kobolds
  A quokka skeleton (D:4)
  5 rats
98 creatures vanquished.

Vanquished Creatures (others)
  5 demonic plants (D:2)
  4 plants (D:2)
  5 withered plants (D:2)
14 creatures vanquished.

Grand Total: 112 creatures vanquished

Table legend:
 A = Non-vault XP
 B = Vault XP
 C = Vault XP percentage of total XP
 D = Non-vault monster count
 E = Vault monster count
 F = Vault count percentage of total count
                 A         B        C        D         E       F
            +---------+---------+-------+---------+---------+-------
      Total |    1416 |     233 |  14.1 |      94 |       4 |   4.1
            +---------+---------+-------+---------+---------+-------
        D:1 |      38 |       0 |   0.0 |      22 |       0 |   0.0
        D:2 |      78 |     227 |  74.4 |      24 |       1 |   4.0
        D:3 |      68 |       3 |   4.2 |      13 |       1 |   7.1
        D:4 |     446 |       3 |   0.7 |      14 |       2 |  12.5
        D:5 |     543 |       0 |   0.0 |      17 |       0 |   0.0
        D:8 |     243 |       0 |   0.0 |       4 |       0 |   0.0
            +---------+---------+-------+---------+---------+-------

Illustrated notes

Table legend:
 A = Kills in this place as a percentage of kills in entire the game.
 B = Kills by you in this place as a percentage of kills by you in the entire game.
 C = Kills by friends in this place as a percentage of kills by friends in the entire game.
 D = Other kills in this place as a percentage of other kills in the entire game.
 E = Experience gained in this place as a percentage of experience gained in the entire game.
 F = Experience gained in this place divided by the number of levels of this place that you have seen.
                   A       B       C       D       E      F
               +-------+-------+-------+-------+-------+----------------------
         Total | 100.0 | 100.0 |   N/A |   N/A | 100.0 | 274.8
       Dungeon | 100.0 | 100.0 |   N/A |   N/A | 100.0 | 274.8
               +-------+-------+-------+-------+-------+----------------------

Table legend: (Time is in decaauts)
 A = Elapsed time spent in this place.
 B = Non-inter-level travel time spent in this place.
 C = Inter-level travel time spent in this place.
 D = Time resting spent in this place.
 E = Time spent auto-exploring this place.
 F = Levels seen in this place.
 G = Mean time per level.
                   A        B        C        D        E       F      G
               +--------+--------+--------+--------+--------+-----+--------+
         Total |   5973 |   5868 |    105 |    620 |   4186 |   6 |  995.5 |
       Dungeon |   5973 |   5868 |    105 |    620 |   4186 |   6 |  995.5 |
               +--------+--------+--------+--------+--------+-----+--------+

Top non-repeatable levels by time:
     D:2: 1448 daAuts
     D:1: 1348 daAuts
     D:4: 1168 daAuts
     D:5: 997 daAuts
     D:3: 980 daAuts
     D:8: 30 daAuts
